 Dungeon Crawl Stone Soup version 0.29.1-1-gd02db6906a (webtiles) character file.

Game seed: 389171433441991491

26 runemasterragnar the Ruffian (level 2, -3/36 HPs)
             Began as a Draconian Transmuter on Sept 18, 2022.
             Frozen to death by an endoplasm (5 damage)
             ... on level 2 of the Dungeon.
             The game lasted 00:02:07 (834 turns).

runemasterragnar the Ruffian (Draconian Transmuter)  Turns: 834, Time: 00:02:08

Health: -3/36      AC: 21    Str: 18    XL:     2   Next: 89%
Magic:  5/5        EV:  2    Int: 13    God:
Gold:   47         SH:  0    Dex: 11    Spells: 4/5 levels left

rFire   . . .      SeeInvis .     - Unarmed
rCold   . . .      Faith    .   (no shield)
rNeg    . . .      Spirit   .   (body armour unavailable)
rPois   +          Reflect  .   (helmet currently unavailable)
rElec   .          Harm     .   (cloak currently unavailable)
rCorr   .          Rampage  .   (gloves currently unavailable)
Will    .....      NoTele   +   (boots currently unavailable)
Stlth   +.........              (no amulet)
HPRegen 0.12/turn               h - +6 ring of strength
MPRegen 0.09/turn               (no ring)

@: brilliant, tree-form, hasted, very quick
A: stationary, stasis, torment immunity, boosted hp, AC +4, unfitting armour,
(cold-blooded)
a: no special abilities


You were on level 2 of the Dungeon.
You were a tree.
You visited 1 branch of the dungeon, and saw 3 of its levels.

You collected 47 gold pieces.

Inventory:

Armour
 g - a +0 cloak (melded)
Jewellery
 h - a +6 ring of strength (left branch)
Scrolls
 d - a scroll of immolation {unknown}
 e - 2 scrolls of identify {unknown}
 f - a scroll of teleportation {unknown}


   Skills:
 + Level 1.6 Fighting
 + Level 2.1 Dodging
 + Level 3.2 Unarmed Combat
 + Level 2.2 Spellcasting
 + Level 2.3 Transmutations


You had 4 spell levels left.
You knew the following spells:

 Your Spells              Type           Power      Damage    Failure   Level
a - Beastly Appendage     Tmut           22%        N/A       10%         1

Your spell library contained the following spells:

 Spells                   Type           Power      Damage    Failure   Level
 Wereblood                Tmut           11%        N/A       14%         2
 Spider Form              Tmut/Pois      6%         N/A       43%         3
 Ice Form                 Ice/Tmut       6%         N/A       83%         4
 Anguish                  Hex/Necr       1%         N/A       94%         4
 Enfeeble                 Hex            1%         N/A       100%        7


Dungeon Overview and Level Annotations

Branches:
Dungeon (3/15)

Altars:

Shops:
D:1 :

Annotations:
D:2 Sigmund


Innate Abilities, Weirdness & Mutations

You are a tree.
Your roots penetrate the ground, keeping you stationary.
You cannot be teleported.
You are immune to unholy pain and torment.
Your maximum health is greatly increased.
Your equipment is partially melded.
((Your plain brown scales are hard. (AC +4)))
You cannot fit into any form of body armour.
((You are cold-blooded and may be slowed by cold attacks.))


Message History

Smack: -) Branches
Press: ? - help, Dir - move target You hit something.
The adder bites you but does no damage.
The endoplasm hits you but does no damage.
The gnoll hits you with a +0 spear.
* * * LOW HITPOINT WARNING * * *
You aren't carrying any items that you can evoke.
Smack: -) Branches
Press: ? - help, Dir - move target You hit something.
The adder barely misses you.
The endoplasm hits you but does no damage.
Something hits you but does no damage.
You aren't carrying any items that you can evoke.
Smack: -) Branches
Press: ? - help, Dir - move target You hit something but do no damage.
The gnoll hits you with a +0 spear.
* * * LOW HITPOINT WARNING * * *
The adder bites you but does no damage.
Smack: -) Branches
Press: ? - help, Dir - move target You closely miss something.
The endoplasm hits you but does no damage.
The gnoll hits you but does no damage. The adder bites you but does no damage.
Smack: -) Branches
Press: ? - help, Dir - move target You closely miss something.
Something hits you but does no damage.
Smack: -) Branches
Press: ? - help, Dir - move target You smack something!
The adder barely misses you.
The endoplasm jiggles.
The endoplasm hits you but does no damage.
The gnoll hits you but does no damage.
Unknown command.
Smack: -) Branches
Press: ? - help, Dir - move target You hit something.
The adder bites you.
* * * LOW HITPOINT WARNING * * *
The endoplasm freezes you.
You are frozen.
You die...

...... ## ..
.....# #....
.....# ##. #.#.#
.....# .. #.#.#
###..# ..#.#.# ..
.. #.#.#.# .#
######.#.#.#####..
.#
#..........J......
.#
#.####..>g♣S......
.###.##.#
###.#{######.
...>.##.# #.#.#
.######.# #.#.#
.######.# #.#..
........######.###
...............#
################


You could see a gnoll, an adder and an endoplasm.

Vanquished Creatures
  A worm (D:2)
  A dart slug (D:1)
  3 ball pythons (D:1)
  2 bats (D:1)
  2 hobgoblins (D:1)
  2 jackals (D:1)
  A quokka (D:1)
  4 kobolds (D:1)
  5 rats
21 creatures vanquished.

Notes
Turn   | Place    | Note
-------+----------+-------------------------------------------
     0 | D:1      | runemasterragnar the Draconian Transmuter began the quest
                  | for the Orb.
     0 | D:1      | Reached XP level 1. HP: 16/16 MP: 3/3
   210 | D:1      | Reached XP level 2. HP: 22/23 MP: 3/5
   419 | D:1      | Found Votoafre's Book Emporium.
   814 | D:2      | Noticed Sigmund
   834 | D:2      | Frozen to death by an endoplasm

Illustrated notes

Levels and vault maps discovered:
D:1:      lightli_arrival_chessboard, layout_rooms, serial_shops,
          nicolae_lakefront_shop
D:2:      layout_loops_ring, basic_altar, shapermc_ecumenical_altar_pompeii,
          uniq_sigmund, uniq_natasha
D:3:      layout_rooms, serial_shops, nicolae_lakefront_shop,
          nicolae_grassy_gnolls

Skill      XL: |  1  2 |
---------------+-------+-----
Dodging        | 2 |  2.1
Fighting       | |  1.6
Unarmed Combat | |  3.2
Spellcasting   | |  2.2
Transmutations | |  2.3

Action                   || total
-------------------------++-------
Melee: Unarmed           ||    61
       Kick              ||    11
       Tailslap          ||     6
       Headbutt          ||     6
 Cast: Beastly Appendage ||    17
  Use: Potion            ||     5
Armor: Skin              ||    35
Dodge: Dodged            ||    52
